 Dungeon Crawl Stone Soup version 0.23.0-28-g6fe0f4dc8b (webtiles) character file.

Game seed: 8844712128344462874

57 Chiseanne the Sneak (level 4, 0/30 HPs)
             Began as an Octopode Warper on Feb 26, 2019.
             Slain by a kobold
             ... wielding a +0 short sword
              (1 damage)
             ... on level 2 of the Dungeon.
             The game lasted 00:01:21 (1059 turns).

Chiseanne the Sneak (Octopode Warper)               Turns: 1059, Time: 00:01:21

Health: 0/30       AC:  1    Str: 11    XL:     4   Next: 0%
Magic:  7/7        EV: 14    Int: 15    God:
Gold:   70         SH:  0    Dex: 11    Spells: 7/7 levels left

rFire    . . .     SeeInvis .   a - +1 short sword
rCold    . . .     Gourm    .   (no shield)
rNeg     . . .     Faith    .   (helmet restricted)
rPois    .         Spirit   .   (no amulet)
rElec    .         Reflect  .   (no ring)
rCorr    .         Harm     .   (no ring)
MR       .....                  (no ring)
Stlth    +++.......             (no ring)
HPRegen  0.10/turn              (no ring)
MPRegen  0.10/turn              (no ring)
                                (no ring)
                                (no ring)

@: no status effects
A: almost no armour, stealthy swim, amphibious, 8 rings, constrict 8, camouflage
1, gelatinous body 1
a: no special abilities


You were on level 2 of the Dungeon.
You were not hungry.

You visited 1 branch of the dungeon, and saw 2 of its levels.

You collected 70 gold pieces.

Inventory:

Hand Weapons
 a - a +1 short sword (weapon)
Missiles
 b - 57 arrows
 d - 5 tomahawks of dispersal (quivered)
 g - 44 sling bullets
 i - 19 stones
 l - 20 poisoned needles
Scrolls
 c - a scroll of blinking
 e - 3 scrolls of remove curse
 h - a scroll of fear {unknown}
 j - a scroll of identify
 k - a scroll of teleportation {unknown}
Potions
 m - 2 potions of lignification {unknown}
Comestibles
 f - 5 rations


   Skills:
 + Level 2.6 Fighting
 - Level 2.0 Short Blades
 - Level 1.0 Throwing
 + Level 2.9 Dodging
 * Level 3.5 Stealth
 - Level 2.0 Spellcasting
   Level 3.0 Translocations


You had 7 spell levels left.
You didn't know any spells.
Your spell library contained the following spells:

 Spells                   Type           Power        Failure   Level  Hunger
 Blink                    Tloc           N/A          10%         2    ###....
 Shroud of Golubria       Chrm/Tloc      #.........   19%         2    ###....
 Gell's Gravitas          Tloc           ##........   19%         3    ###....
 Lesser Beckoning         Tloc           ##........   19%         3    ###....
 Teleport Other           Tloc           ##......     19%         3    ###....
 Passage of Golubria      Tloc           N/A          54%         4    #####..


Dungeon Overview and Level Annotations

Branches:
Dungeon (2/15)

Altars:
Xom


Innate Abilities, Weirdness & Mutations

You cannot wear most types of armour.
You are very stealthy in the water. (Stealth+)
You are amphibious.
You can wear up to eight rings at the same time.
You can use your tentacles to constrict eight enemies at once.
Your skin changes colour to match your surroundings (Stealth+).
Your rubbery body absorbs attacks. (AC +1, EV +1)


Message History

The frilled lizard hisses angrily.
You hit Jessica. You squeeze Jessica, but do no damage.
Jessica is severely wounded.
You constrict Jessica. The kobold completely misses you.
The kobold barely misses you. Jessica misses you.
You hit Jessica.
You kill Jessica!
Your Stealth skill increases to level 3!
You have reached level 4!
The kobold misses you.
The kobold hits you with a +0 short sword.
* * * LOW HITPOINT WARNING * * *
You hit the kobold. You grab the kobold.
The kobold is moderately wounded.
You constrict the kobold, but do no damage.
The hobgoblin closely misses you.
The kobold hits you with a +0 short sword.
* * * LOW HITPOINT WARNING * * *
The kobold hits you with a +0 short sword.
You die...

#.# #.#
.##########.#
............#
............#
............#
...........##
......K..(.#
......K@...#
......g..(.#
...........#
...l.......#
...........#
...........#
..##########
..


You could see a hobgoblin, 2 kobolds and a frilled lizard.

Vanquished Creatures
  Jessica (D:2)
  An ooze (D:2)
  2 dart slugs (D:1)
  2 giant cockroaches (D:2)
  3 goblins (D:1)
  A hobgoblin (D:1)
  A kobold (D:1)
  7 bats
  2 frilled lizards
  3 rats (D:2)
23 creatures vanquished.

Notes
Turn   | Place    | Note
-------+----------+-------------------------------------------
     0 | D:1      | Chiseanne the Octopode Warper began the quest for the Orb.
     0 | D:1      | Reached XP level 1. HP: 14/14 MP: 3/3
    66 | D:1      | Reached skill level 1 in Stealth
   244 | D:1      | Reached XP level 2. HP: 19/19 MP: 5/5
   488 | D:1      | Found a shimmering altar of Xom.
   982 | D:2      | Reached XP level 3. HP: 25/25 MP: 6/6
  1046 | D:2      | Noticed Jessica
  1058 | D:2      | Killed Jessica
  1058 | D:2      | Reached XP level 4. HP: 11/30 MP: 7/7
  1059 | D:2      | HP: 1/30 [kobold/+0 short sword (4)]
  1059 | D:2      | Slain by a kobold

Skill      XL: |  1  2  3 |
---------------+----------+-----
Stealth        | 1 2 3 |  3.5
Fighting       | |  2.6
Short Blades   | |  2.0
Throwing       | |  1.0
Dodging        | |  2.9
Spellcasting   | |  2.0
Translocations | |  3.0

Action                   |  1- 3 |  4- 6 || total
-------------------------+-------+-------++-------
Melee: Short sword       |    49 |     1 ||    50
       Constrict         |    10 |     1 ||    11
       Tentacles         |     5 |       ||     5
  Use: Scroll            |     4 |       ||     4
 Stab: Sleeping          |     7 |       ||     7
Armor: Skin              |     5 |       ||     5
Dodge: Dodged            |    32 |     2 ||    34
